Cogmind - Beta 10.2 @@@ ROGUE MODE // 2021.03.01 @ 16:41:41 Player: CrossedViper Result: Destroyed by D-53 Grenadier with Mini Grenade Launcher Performance ------------- Evolutions (1) 500 Regions Visited (3) 600 Robots Destroyed (9) 45 Value Destroyed (311) 311 Prototype IDs (1) 20 Alien Tech Used (0) 0 Bonus (0) 0 TOTAL SCORE: 1476 Bonus ------- None Cogmind --------- Core Integrity 0/400 Matter 237/300 Energy 83/100 System Corruption 0% Temperature Cool (0) Movement Core (50) Location -9/Mines Parts ------- > --- POWER (1) -------- (None) > --- PROPULSION (2) --- (None) > --- UTILITY (4) ------ (None) > --- WEAPON (2) ------- Mining Claw > --- INVENTORY (4) ---- Grenade Launcher Peak State ------------ > --- POWER ------------ Improved Ion Engine > --- PROPULSION ------- Light Treads Light Treads > --- UTILITY ---------- Heat Sink Small Storage Unit Light Armor Plating Light Armor Plating > --- WEAPON ----------- Improved Medium Laser Improved Medium Laser > --- INVENTORY -------- Light Treads Improved Medium Laser Improved Medium Laser Improved Medium Laser Grenade Launcher Mining Claw [Rating: 15] Favorites ----------- Power Light Ion Engine Engine Light Ion Engine Propulsion Light Treads Treads Light Treads Utility Small Storage Unit Device Heat Sink Storage Small Storage Unit Protection Light Armor Plating Weapon Improved Medium Laser Energy Gun Improved Medium Laser Ballistic Gun Light Assault Rifle Launcher Grenade Launcher Slashing Weapon Mining Claw Build | -11 -10 -9 -9 ------- Run | Scr Mat Mat Min Slots Evolved 2 | . . 2 . Power . | . . . . Propulsion . | . . . . Utility 2 | . . 2 . Weapon . | . . . . Parts Attached 21 | 6 1 7 7 Power 2 | 1 . 1 . Engine 2 | 1 . 1 . Core . | . . . . Reactor . | . . . . Propulsion 3 | 2 . . 1 Treads 3 | 2 . . 1 Leg . | . . . . Wheel . | . . . . Hover . | . . . . Flight . | . . . . Utility 4 | 1 . 3 . Device 1 | . . 1 . Storage 1 | 1 . . . Processor . | . . . . Hackware . | . . . . Protection 2 | . . 2 . Artifact . | . . . . Weapon 12 | 2 1 3 6 Energy Gun 7 | 1 . 2 4 Energy Cannon . | . . . . Ballistic Gun 1 | 1 . . . Ballistic Cannon . | . . . . Launcher 3 | . 1 1 1 Special Weapon . | . . . . Impact Weapon . | . . . . Slashing Weapon 1 | . . . 1 Piercing Weapon . | . . . . Special Melee Weapon . | . . . . Unidentified Prototypes 1 | . . 1 . Parts Lost 12 | . . 1 11 Power 1 | . . . 1 Propulsion 3 | . . . 3 Utility 3 | . . . 3 Weapon 5 | . . 1 4 Highest Loss Streak 12 | . . 1 12 Average Slot Usage (%) 80 | . 85 81 59 Engine 12 | . 14 11 6 Treads 24 | . 28 22 15 Device 3 | . . 6 4 Storage 12 | . 14 11 8 Protection 4 | . . 9 6 Energy Gun 9 | . 1 17 11 Ballistic Gun 6 | . 14 . . Launcher 7 | . 12 3 4 Naked Turns . | . . . . Heaviest Build 24 | 9 11 24 21 Greatest Support 40 | 40 40 40 40 Greatest Overweight (x) . | . . . . Average Overweight (x) . | . . . . Largest Inventory Capacity 6 | 6 6 6 6 Average Capacity 5 | 5 6 6 5 Most Carried 6 | 4 6 6 6 Average Carried 4 | 2 5 5 3 Final Capacity 6 | 6 6 6 4 Final Carried 6 | 2 6 6 1 Class Distribution -------------------- 82% | Mutant 17% | Scavenger-Mutant Dominant Class ---------------- Mutant | -10/Materials Mutant | -9/Materials Mutant | -9/Mines Resources | -11 -10 -9 -9 ----------- Run | Scr Mat Mat Min Matter Collected 422 | 194 43 173 12 Remotely . | . . . . Salvage Created 454 | . 83 317 54 Parts 26 | . 7 19 . Haulers Intercepted . | . . . . Recyclers Shooed . | . . . . Parts Field Recycled . | . . . . Retrieved Matter . | . . . . Parts Self-Destructed . | . . . . Prevented . | . . . . Kills | -11 -10 -9 -9 ------- Run | Scr Mat Mat Min Combat Hostiles Destroyed 27 | . 3 5 19 Guns 6 | . . 5 1 AOE 21 | . 3 . 18 Classes Destroyed 4 | . 1 2 1 Recycler 1 | . . 1 . Grunt 5 | . 3 2 . Sentry 3 | . . 3 . Assembled 19 | . . . 19 Best Kill Streak 19 | . 2 2 19 Combat Bots Only 19 | . 2 2 19 Max Kills in Single Turn 6 | . 1 1 6 Gunslinging . | . . . . Exploded 6 | . 1 . 6 Melee . | . . . . Uniques/NPCs Destroyed . | . . . . Combat | -11 -10 -9 -9 -------- Run | Scr Mat Mat Min Damage Taken 1570 | . 22 186 1362 Core 400 | . . . 400 Absorbed by Shields . | . . . . Core Remaining (%) 100 | 100 100 . . Volleys Fired 30 | . 6 12 12 Largest 2 | . 1 2 2 Hottest 112 | . 30 112 112 Shots Fired 44 | . 6 23 15 Gun 31 | . . 22 9 Cannon . | . . . . Launcher 13 | . 6 1 6 Special . | . . . . Kinetic . | . . . . Thermal 31 | . . 22 9 Explosive 13 | . 6 1 6 Electromagnetic . | . . . . Robot Hit Streak 5 | . 2 5 5 Robot Miss Streak 1 | . . 1 1 Penetration Max . | . . . . Secondary Targets 1 | . . . 1 Max Gunslinging Chain 1 | . . . 1 Shots Hit Robots 28 | . 2 16 10 Core Hits 64 | . 7 9 48 Critical Hits . | . . . . Critical Kills . | . . . . Critical Parts Destroyed . | . . . . Melee Attacks 3 | . . . 3 Impact . | . . . . Slashing 3 | . . . 3 Piercing . | . . . . Sneak Attacks . | . . . . Combat Hostiles . | . . . . Follow-up Attacks . | . . . . Damage Inflicted 1646 | . 273 272 1101 Guns 372 | . . 258 114 Cannons . | . . . . Explosions 1226 | . 273 14 939 Melee 48 | . . . 48 Ramming . | . . . . Kinetic . | . . . . Thermal 372 | . . 258 114 Explosive 1226 | . 273 14 939 Electromagnetic . | . . . . Impact . | . . . . Slashing 48 | . . . 48 Piercing . | . . . . Highest Corruption . | . . . . Average Corruption . | . . . . Corruption Purged . | . . . . Overload Shots . | . . . . Overflow Damage 9 | . . . 9 Projectiles . | . . . . Explosions 9 | . . . 9 Melee . | . . . . Knockbacks . | . . . . Impact . | . . . . Kinetic . | . . . . Secondary . | . . . . Self-Inflicted Damage . | . . . . Shots . | . . . . Rammed . | . . . . Targets Rammed . | . . . . Kicked . | . . . . Crushed . | . . . . Highest Temperature 123 | . 1 117 123 Average Temperature 50 | . 1 44 66 Received Heat Transfer 84 | . 12 72 . Siege Activations . | . . . . Robots Corrupted . | . . . . Combat Hostiles . | . . . . Parts Fried . | . . . . Impact Corruptions . | . . . . Robots Melted . | . . . . Combat Hostiles . | . . . . Parts Melted 1 | . . 1 . Heat Transferred 814 | . . 555 259 Parts Sabotaged . | . . . . Parts Stolen . | . . . . Parts Stripped . | . . . . Power Chain Reactions . | . . . . Missiles Intercepted . | . . . . Alert | -11 -10 -9 -9 ------- Run | Scr Mat Mat Min Peak Influence 235 | . 131 235 87 Initial 87 | . . 55 87 Average 84 | . 78 127 36 Maximum Alert Level 1 | . . 1 . Low Security (%) 92 | 100 100 80 100 Level 1 7 | . . 19 . Level 2 . | . . . . Level 3 . | . . . . Level 4 . | . . . . Level 5 . | . . . . High Security . | . . . . Max Security . | . . . . Squads Dispatched 3 | . 2 1 . Investigation . | . . . . Extermination . | . . . . Reinforcement 3 | . 2 1 . Assault . | . . . . Garrison . | . . . . Intercept . | . . . . Construction Impeded . | . . . . Haulers Reinforced . | . . . . Stealth | -11 -10 -9 -9 --------- Run | Scr Mat Mat Min Distress Signals 1 | . 1 . . Communications Jammed . | . . . . Distress Signals . | . . . . Times Spotted 35 | . 7 6 22 Peak Tracking Total 20 | . 2 2 20 Tactical Retreats . | . . . . Traps | -11 -10 -9 -9 ------- Run | Scr Mat Mat Min Traps Triggered . | . . . . Indirectly . | . . . . Trap Hack Attempts . | . . . . Triggered . | . . . . Disarmed . | . . . . Reprogrammed . | . . . . Reused . | . . . . Traps Extracted . | . . . . Installed . | . . . . Triggered . | . . . . Machines | -11 -10 -9 -9 ---------- Run | Scr Mat Mat Min Machines Disabled . | . . . . Max in Single Turn . | . . . . Machines Sabotaged . | . . . . Garrisons Compromised . | . . . . Overloaded Fab Kills . | . . . . Fab Network Shutdowns . | . . . . Hacking | -11 -10 -9 -9 --------- Run | Scr Mat Mat Min Machines Accessed 1 | . 1 . . Terminals 1 | . 1 . . Fabricators . | . . . . Repair Stations . | . . . . Recycling Units . | . . . . Scanalyzers . | . . . . Garrison Access . | . . . . Total Hacks 2 | . 2 . . Successful 1 | . 1 . . Failed 1 | . 1 . . Catastrophic . | . . . . Database Lockouts . | . . . . Manual 2 | . 2 . . Terminals 2 | . 2 . . Fabricators . | . . . . Repair Stations . | . . . . Recycling Units . | . . . . Scanalyzers . | . . . . Garrison Access . | . . . . Terminal Hacks 1 | . 1 . . Robot Analysis 1 | . 1 . . Fabricator Hacks . | . . . . Repair Station Hacks . | . . . . Recycling Unit Hacks . | . . . . Scanalyzer . | . . . . Garrison Access Hacks . | . . . . Unauthorized Hacks . | . . . . Terminals . | . . . . Fabricators . | . . . . Repair Stations . | . . . . Recycling Units . | . . . . Scanalyzers . | . . . . Garrison Access . | . . . . Data Cores Recovered . | . . . . Used . | . . . . Hacking Detections 1 | . 1 . . Full Trace Events . | . . . . Feedback Events . | . . . . Feedback Blocked . | . . . . Robot Schematics Acquired . | . . . . Robots Built . | . . . . Matter . | . . . . Time . | . . . . Total Robot Build Rating . | . . . . Part Schematics Acquired . | . . . . Parts Built . | . . . . Matter . | . . . . Time . | . . . . Total Part Build Rating . | . . . . Parts Repaired . | . . . . Time . | . . . . Parts Recycled . | . . . . Recycled Matter . | . . . . Retrieved Matter . | . . . . Retrieved Components . | . . . . Parts Scanalyzed . | . . . . Part Schematics Acquired . | . . . . Parts Damaged . | . . . . Bothacking | -11 -10 -9 -9 ------------ Run | Scr Mat Mat Min Used RIF Installer . | . . . . Robots Hacked . | . . . . Non-combat . | . . . . Combat . | . . . . Robot Hacks Applied . | . . . . Relay Couplers Released . | . . . . Robots Rewired . | . . . . Allies Hacked . | . . . . Hacks Repelled . | . . . . Allies | -11 -10 -9 -9 -------- Run | Scr Mat Mat Min Total Allies . | . . . . Largest Group . | . . . . Highest-Rated Group . | . . . . Highest-Rated Ally . | . . . . Total Orders . | . . . . Ally Attacks . | . . . . Total Damage . | . . . . Kills . | . . . . Allies Corrupted . | . . . . Allies Melted . | . . . . Intel | -11 -10 -9 -9 ------- Run | Scr Mat Mat Min Robot Analysis Total 1 | . 1 . . Derelict Logs Recovered . | . . . . Drone Launches . | . . . . Drone Recoveries . | . . . . Exploration | -11 -10 -9 -9 ------------- Run | Scr Mat Mat Min Turns Passed 562 | 63 242 208 49 Spaces Moved 294 | 49 140 97 8 Core 31 | 25 . . 6 Treads 263 | 24 140 97 2 Legs . | . . . . Wheels . | . . . . Hover . | . . . . Flight . | . . . . Fastest Speed 50 | 50 160 160 50 Average Speed 148 | 103 160 160 77 Slowest Speed 160 | 160 160 160 160 Overloaded Moves . | . . . . Propulsion Burnouts . | . . . . Robots Hopped . | . . . . Cave-ins Triggered . | . . . . Exploration Rate (%) 13 | 3 26 14 10 Regions Visited 3 Branch Regions 1 Pre-discovered Areas . | . . . . Known Exits Taken . | . . . . Unknown Exits Taken 3 | 1 1 1 . Scrap Searched . | . . . . Spaces Dug . | . . . . Terrain Destroyed 52 | . 34 . 18 Melee . | . . . . Projectile . | . . . . AOE 52 | . 34 . 18 Terrain Rammed . | . . . . Walls Destroyed . | . . . . Machines Disabled . | . . . . Actions | -11 -10 -9 -9 --------- Run | Scr Mat Mat Min Total 372 | 61 152 128 31 Wait . | . . . . Move 291 | 48 139 96 8 Hop . | . . . . Pick Up 17 | 7 5 5 . Fast Attach 6 | 1 . 5 . Attach 10 | 5 . . 5 Detach . | . . . . Swap 5 | . 1 2 2 Drop 10 | . 1 8 1 Fire 30 | . 6 12 12 Melee 3 | . . . 3 Ram . | . . . . Kick . | . . . . Crush . | . . . . Escape Stasis . | . . . . Rewire . | . . . . Trap . | . . . . Miscellaneous . | . . . . Route ------- -11/Scrapyard -10/Materials -9/Materials -9/Mines History --------- Turn | Location | Event 10 | -11/Scrapyard | Discovered new exit (range 16) 64 | -11/Scrapyard | Entered Materials 273 | -10/Materials | Discovered new exit (range 14) 306 | -10/Materials | Entered another Materials area 306 | -9/Materials | Evolved 2 slots: Utility x2 310 | -9/Materials | Build established: Mutant 501 | -9/Materials | Discovered new exit (range 8) 514 | -9/Materials | Entered Mines 515 | -9/Mines | Assembled infested the area 554 | -9/Mines | Core integrity fell below 50% 558 | -9/Mines | Core integrity fell below 20% 559 | -9/Mines | Destroyed 19 combat bots 563 | -9/Mines | Destroyed by D-53 Grenadier with Mini Grenade Launcher Last Messages --------------- 00538_ Switching to secondary target: as-57379. 00541_ Imp. Medium Laser destroyed. 00542_ Imp. Ion Engine destroyed. 00542_ Lgt. Treads destroyed. 00544_ as-57379 destroyed. 00547_ U-05 Engineer lays Concrete. 00549_ U-05 Engineer builds a Wall. 00550_ U-05 Engineer lays Concrete. 00550_ Imp. Medium Laser destroyed. 00551_ U-05 Engineer builds a Wall. 00553_ The unstable cave ceiling collapses. 00553_ Dropped Sml. Storage Unit. 00553_ U-05 Engineer builds a Wall. 00555_ Acquired 12 matter. 00555_ Lgt. Treads destroyed. 00556_ U-05 Engineer lays Concrete. 00558_ U-05 Engineer builds a Wall. 00558_ U-05 Engineer lays Concrete. 00559_ D-53 Grenadier destroyed. 00560_ U-05 Engineer lays Concrete. Map ----- +----------------------------------------------------+ | | | | | | | | | | | | | ???????????????????????????????????????? | | ???????????????????????????????????????? | | ???????????????????????????????????????? | | ???????????????????????????????????????? | | ???????????????????????????????????????? | | ???????????????????????????????????????? | | ???????????????????????????????????????? | | ???????????????????????????????????????? | | ???????????????????????????????????????? | | ???????###?????????????????????????????? | | ??????## ##????????????????????????????? | | ??????# ###??????????????????????????? | | ???#### ##?????????????????????????? | | ???# ########??????????????????? | | ???# # # ###????????????????? | | ???# ! ###??????????????? | | ???# ##?????????????? | | ??## #?????????????? | | ??# d ##????????????? | | ??## # @ ????????? | | ?????## < #??????????????? | | ??????## % #??????????????? | | ???????# ##??????????????? | | ???????# # #uu #???????????????? | | ???????# """ ## #% # #???????????????? | | ???????# """ ###### #?#???????????????? | | ???????# """ #?????? ????????????????? | | ???????#######??????? ???????????????? | | ?????????????????????## ??????????????? | | ??????????????????????? ????????????? | | ???????????????????????? ?????????????? | | ???????????????????????????????????????? | | ???????????????????????????????????????? | | ???????????????????????????????????????? | | ???????????????????????????????????????? | | ???????????????????????????????????????? | | ???????????????????????????????????????? | | ???????????????????????????????????????? | | ???????????????????????????????????????? | | ???????????????????????????????????????? | | ???????????????????????????????????????? | | ???????????????????????????????????????? | | ???????????????????????????????????????? | | ???????????????????????????????????????? | +----------------------------------------------------+ Best States ------------- Heat Dissipation 38 Energy Generation 12 Energy Capacity 265 Matter Stores 300 Matter Capacity 300 Sight Range 16 Terrain Scan Density 10 Armor Coverage 300 Evasion (%) 50 Recoil Reduction 2 Item Schematics ----------------- None Robot Schematics ------------------ None Fabricated ------------ Nothing Alien Tech Used ----------------- None Achievements -------------- None Challenges ------------ None Game ------ Seed SensorIonWheel Manual? 0 Play Time 00:05:22 Cumulative 356.0 hours Start 2021.03.01 @ 15:57:14 End 2021.03.01 @ 16:41:41 Sessions 2 Manual Loads 0 Difficulty Rogue Special Mode None Game No. 282 Rogue 275 Adventurer 0 Explorer 7 Win Type - Total 12 Types 3/1/8/0/0/0/0/0/0 Lore% 79 Gallery% 93 Achievement% 76 Wizard Run 0 Options --------- ASCII 0 Keyboard 0 Movement Mouse Keybinds 0 Fullscreen 1 Font 18/X11Bold Map View 76x50 Tactical HUD 1 Map Filters NONE Filters NONE Steam 1 RUN: 10ee8cb1-91fb-4816-a613-036ff10ec915